 Dungeon Crawl Stone Soup version 0.32-a0 (webtiles) character file.

Game seed: 4449506238328386218

5100 Jannitor the Cutter (level 10, -8/76 HPs)
             Began as a Demonspawn Reaver on Jan 13, 2024.
             Was a Priest of Uskayaw.
             Killed from afar by an acid dragon (42 damage)
             ... with a splash of acid
             ... on level 9 of the Dungeon.
             The game lasted 00:10:34 (7852 turns).

Jannitor the Cutter (Demonspawn Reaver)             Turns: 7852, Time: 00:10:34

Health: -8/76      AC:  6    Str: 18    XL:     10   Next: 32%
Magic:  13/18      EV: 15    Int: 17    God:    Uskayaw [***...]
Gold:   495        SH:  4    Dex: 19    Spells: 19/20 levels left

rFire   . . .        y - +2 short sword (venom)
rCold   . . .        (no shield)
rNeg    . . .        D - +1 robe of Bedevilment {Harm Int+3 Dex+3}
rPois   .            e - +0 helmet
rElec   .            f - +0 cloak
rCorr   .            B - +1 pair of gloves {infuse}
SInv    .            (no boots)
Will    .....        (no amulet)
Stlth   +++          q - +6 ring of strength
HPRegen 0.32/turn    (no ring)
MPRegen 0.16/turn

%: harm (+30% outgoing, +20% incoming), infuse magic (1 MP)
@: mighty, lethally poisoned (-8 -> -9), corroded
A: molten scales 2, demonic guardian 1, condensation shield, demonic touch 2
a: Renounce Religion, Stomp, Line Pass


You were on level 9 of the Dungeon.
You worshipped Uskayaw.
Uskayaw was noncommittal.
You visited 1 branch of the dungeon, and saw 9 of its levels.

You collected 495 gold pieces.

Inventory:

Hand Weapons
 a - a +0 mace
 h - a +0 dagger
 i - a +4 dagger
 w - a +0 dagger of electrocution
 y - a +2 short sword of venom (weapon)
 I - a +0 rapier
Missiles
 l - a throwing net
Armour
 b - a +0 leather armour
 e - a +0 helmet (worn)
 f - a +0 cloak (worn)
 B - a +1 pair of gloves of infusion (worn)
 D - the +1 robe of Bedevilment (worn) {Harm Int+3 Dex+3}
   (You found it on level 6 of the Dungeon)

   Int+3:     It affects your intelligence (+3).
   Dex+3:     It affects your dexterity (+3).
   Harm:      It increases damage dealt and taken.
Jewellery
 q - a +6 ring of strength (left hand)
Talismans
 x - a maw talisman
Wands
 v - a wand of flame (1)
 A - a wand of mindburst (18)
Scrolls
 c - a scroll of fear
 g - a scroll of identify
 k - 4 scrolls of teleportation
 r - a scroll of vulnerability
 s - a scroll of torment {unknown}
 u - 2 scrolls of enchant armour
 z - 2 scrolls of immolation {unknown}
 C - a scroll of revelation {unknown}
 E - 2 scrolls of amnesia {unknown}
 G - a scroll of summoning {unknown}
 H - a scroll of brand weapon {unknown}
 J - a scroll of noise {unknown}
Potions
 d - 2 potions of curing
 j - 2 potions of brilliance
 n - a potion of attraction {unknown}
 o - 2 potions of enlightenment {unknown}
 p - 3 potions of might
 t - 3 potions of heal wounds
 F - a potion of ambrosia {unknown}
 K - a potion of haste {unknown}


   Skills:
 + Level 6.1 Fighting
 * Level 7.1 Short Blades
 - Level 2.8 Maces & Flails
 + Level 5.6 Dodging
 + Level 5.1 Stealth
 + Level 5.5 Spellcasting
 - Level 5.1 Conjurations
 + Level 6.6 Invocations


You had 19 spell levels left.
You knew the following spells:

 Your Spells              Type           Power      Damage    Failure   Level
a - Kiss of Death         Conj/Necr      52%        2d9       4%          1

Your spell library contained the following spells:

 Spells                   Type           Power      Damage    Failure   Level
 Momentum Strike          Conj/Tloc      26%        3d8       7%          2
 Hailstorm                Conj/Ice       13%        3d6       14%         3
 Scorch                   Fire           8%         2d5       21%         2
 Flame Wave               Conj/Fire      13%        2d6       43%         4
 Summon Cactus Giant      Summ           2%         N/A       100%        6


Dungeon Overview and Level Annotations

Branches:
Dungeon (9/15)             Temple (0/1) D:7
   Lair: D:8-11         Orc: D:9-12

Altars:
Nemelex Xobeh
Qazlal
Ru
Uskayaw

Shops:
D:7 =

Annotations:
D:3 3 runed translucent doors, nitefall's ghost, weakling MiHu
D:6 2 transporters


Innate Abilities, Weirdness & Mutations

You are mostly covered in molten scales. (AC +3)
A weak demonic guardian rushes to your aid.
A meltable shield of frost defends you. (SH +4)
Your touch may inflict irresistible damage on your foes.


Message History

Something draws strength from your injuries!
The acid dragon misses you. The acid dragon closely misses you.
There is an open door here.
You see here a +0 short sword.
You hit the acid dragon.
You touch the acid dragon!
The acid dragon is heavily wounded.
You feel sick.
The gnoll is no longer paralysed. x2
The gnoll hits you from afar with a +0 spear of freezing.
The gnoll freezes you. The gnoll completely misses you.
Something barely misses you. x2; The acid dragon barely misses you.
The acid dragon misses you.
You feel sick. The gnoll hits you but does no damage.
The acid dragon attacks as it pursues you!
The acid dragon bites you! The acid dragon barely misses you.
You are too injured to fight recklessly!
You are too injured to fight recklessly!
You barely miss the acid dragon.
The acid dragon is heavily wounded.
You feel sick.
You hit the acid dragon but do no damage.
Your punch misses the acid dragon.
The acid dragon is heavily wounded.
You feel sick. You block the gnoll's attack. The acid dragon spits acid at you.
The splash of acid hits you.
You hear a shout!
You hear a bellow!
You feel much better.
You feel sick. The gnoll hits you but does no damage.
You block the acid dragon's attack. The acid dragon barely misses you.
You feel very mighty all of a sudden.
You feel sick. The gnoll hits you but does no damage.
The acid dragon spits acid at you. The splash of acid hits you!!
Ouch! That really hurt!
* * * LOW HITPOINT WARNING * * *
The acid corrodes you!
You feel much better.
You feel sick. You block the gnoll's attack. The acid dragon spits acid at you.
The splash of acid hits you!!
Ouch! That really hurt!
You die...

..##.#...#.
#...#..# .
.........
....#!.5+###
..
#.......##.V#
###Y..?.
#.#.......'..
#.....
#.'.......#
#Y..5.
#....KK...#
+..Y.?
#..{g.K.#
#<ยง...
#D#### #.....
#$@5.# ###+##
####)##
#.....#
#....[#
#....)#
#.....######
#.....#....+
#.......####
#.....###


You could see an acid dragon (catching breath), a gnoll, 2 kobolds and a
friendly quasit (summoned).

Vanquished Creatures
  An ugly thing (D:8)
  Grinder (D:5)
  A vampire (D:9)
  7 yaks
  2 wyverns
  A water moccasin (D:7)
  Duvessa (D:5)
  2 ice beasts (D:7)
  3 orc warriors
  2 sky beasts (D:7)
  A black bear (D:5)
  An ogre (D:6)
  A phantom (D:6)
  4 kobold brigands
  A bullfrog (D:7)
  A gnoll sergeant (D:9)
  2 scorpions
  5 wights (D:8)
  Dowan (D:5)
  3 electric eels (D:8)
  3 orc priests
  2 bombardier beetles (D:6)
  5 hounds
  4 jellies
  A sleepcap (D:7)
  4 iguanas
  5 orc wizards
  Robin (D:4)
  7 adders
  11 gnolls
  2 white imps
  A dart slug (D:1)
  2 ribbon worms (D:3)
  14 orcs
  6 endoplasms
  7 giant cockroaches
  15 goblins
  9 hobgoblins
  2 jackals (D:1)
  24 kobolds
  4 quokkas
  3 ball pythons
  8 bats
  4 frilled lizards
  5 rats
190 creatures vanquished.

Vanquished Creatures (collateral kills)
  An orc wizard (D:8)
1 creature vanquished.

Grand Total: 191 creatures vanquished

Notes
Turn   | Place    | Note
-------+----------+-------------------------------------------
     0 | D:1      | Jannitor the Demonspawn Reaver began the quest for the Orb.
     0 | D:1      | Reached XP level 1. HP: 16/16 MP: 3/3
   137 | D:1      | Gained mutation: Your touch may inflict minor irresistible
                  | damage on your foes. [demonic ancestry]
   137 | D:1      | Reached XP level 2. HP: 14/22 MP: 5/5
   498 | D:1      | Reached XP level 3. HP: 20/28 MP: 6/6
  1105 | D:2      | Found a faded altar of an unknown god.
  1402 | D:3      | Reached skill level 1 in Short Blades
  1407 | D:3      | Reached XP level 4. HP: 34/34 MP: 7/7
  1959 | D:3      | Found a runed translucent gate.
  1959 | D:3      | Found a runed translucent gate.
  1959 | D:3      | Noticed a kobold brigand
  1959 | D:3      | Noticed nitefall's ghost (weakling MiHu)
  1970 | D:3      | Found a runed translucent gate.
  2481 | D:4      | Found a sparkling altar of Nemelex Xobeh.
  2519 | D:4      | Gained mutation: Your touch may inflict irresistible damage
                  | on your foes. [demonic ancestry]
  2519 | D:4      | Reached XP level 5. HP: 32/40 MP: 9/9
  2555 | D:4      | Found a hide-covered altar of Uskayaw.
  2639 | D:4      | Reached skill level 2 in Short Blades
  2706 | D:4      | Became a worshipper of Uskayaw the Reveller
  2805 | D:4      | Noticed Robin
  2805 | D:4      | Reached * piety under Uskayaw
  2810 | D:4      | Reached ** piety under Uskayaw
  2811 | D:4      | Killed Robin
  2816 | D:4      | Reached *** piety under Uskayaw
  2986 | D:4      | Found a stormy altar of Qazlal.
  3486 | D:5      | Entered Level 5 of the Dungeon
  3628 | D:5      | Reached skill level 1 in Invocations
  3632 | D:5      | Gained mutation: A weak demonic guardian rushes to your
                  | aid. [demonic ancestry]
  3632 | D:5      | Reached XP level 6. HP: 25/47 MP: 10/10
  3765 | D:5      | Reached skill level 1 in Stealth
  3882 | D:5      | Noticed a yak
  3882 | D:5      | Noticed a yak
  3882 | D:5      | Noticed a yak
  3883 | D:5      | Noticed a yak
  3886 | D:5      | Noticed Duvessa
  3889 | D:5      | Noticed Dowan
  3892 | D:5      | Killed a yak
  3893 | D:5      | Reached skill level 3 in Short Blades
  3893 | D:5      | Gained mutation: You are partially covered in molten
                  | scales. (AC +2) [demonic ancestry]
  3893 | D:5      | Reached XP level 7. HP: 38/52 MP: 4/11
  3893 | D:5      | Reached **** piety under Uskayaw
  3894 | D:5      | Killed a yak
  3894 | D:5      | Noticed a yak
  3896 | D:5      | Reached ***** piety under Uskayaw
  3898 | D:5      | Killed a yak
  3901 | D:5      | Killed a yak
  3911 | D:5      | Killed a yak
  3911 | D:5      | Reached ****** piety under Uskayaw
  3912 | D:5      | Reached skill level 4 in Short Blades
  3912 | D:5      | Gained mutation: A meltable shield of frost defends you.
                  | (SH +4) [demonic ancestry]
  3912 | D:5      | Reached XP level 8. HP: 35/60 MP: 0/13
  3916 | D:5      | Killed Dowan
  3927 | D:5      | Killed Duvessa
  4275 | D:5      | Noticed Grinder
  4280 | D:5      | Paralysed by Grinder for 3 turns
  4287 | D:5      | Killed Grinder
  4497 | D:5      | Reached skill level 5 in Conjurations
  4757 | D:6      | Noticed a kobold demonologist
  4761 | D:6      | Reached skill level 5 in Short Blades
  4762 | D:6      | Noticed a kobold demonologist
  4867 | D:6      | Gained mutation: You are mostly covered in molten scales.
                  | (AC +3) [demonic ancestry]
  4867 | D:6      | Reached XP level 9. HP: 62/66 MP: 10/15
  4972 | D:6      | Found a transporter.
  4973 | D:6      | Identified the +1 robe of Bedevilment {Harm Int+3 Dex+3}
  5351 | D:6      | Found a transporter.
  5475 | D:7      | Found a staircase to the Ecumenical Temple.
  5497 | D:7      | Found Hyteets's One-of-a-Kind Rings.
  5586 | D:7      | Reached skill level 5 in Fighting
  5628 | D:7      | Reached skill level 5 in Invocations
  5936 | D:7      | Reached skill level 6 in Short Blades
  6225 | D:8      | Reached skill level 5 in Dodging
  6260 | D:8      | Found a sacrificial altar of Ru.
  6359 | D:8      | Reached skill level 5 in Spellcasting
  6900 | D:8      | Noticed a red ugly thing
  6907 | D:8      | Killed a red ugly thing
  6908 | D:8      | Reached XP level 10. HP: 76/76 MP: 15/17
  7469 | D:9      | Reached skill level 5 in Stealth
  7712 | D:9      | Reached skill level 7 in Short Blades
  7852 | D:9      | Killed from afar by an acid dragon

Illustrated notes

Levels and vault maps discovered:
D:1:      lightli_arrival_chessboard, layout_loops_cross
D:2:      layout_rooms, shapermc_ecumenical_altar_venn
D:3:      layout_basic, gammafunk_ghost_nasty_kobolds
D:4:      layout_loops_ring, mainiacjoe_overflow_cross_hatched, minitemple,
          serial_bayou_ford_a, chequers_serial_rivers_marsh, uniq_robin
D:5:      layout_loops_cross, hex_large, cheibrodos_gnoll_hut, uniq_grinder,
          uniq_duvessa
D:6:      gammafunk_wand_slinger, layout_rooms, hangedman_abyss_or_decor_passed
D:7:      layout_cave_pools, minmay_temple_entry_arrows, glass_columns_a,
          st_stairs_5, nicolae_shop_unique_rings
D:8:      layout_basic, nicolae_ru_awakened_eye, serial_bayou,
          serial_bayou_pond_c, serial_bayou_pond_e, serial_bayou_lagoon_a,
          serial_bayou_shore_b
D:9:      layout_roguey, mainiacjoe_overflow_tiny_flanked,
          mainiacjoe_overflow_large_starburst, minmay_fractal_squares_diagonal_5

Skill      XL: |  1  2  3  4  5  6  7  8  9 10 |
---------------+-------------------------------+-----
Dodging        | 2 3 4 5 |  5.6
Short Blades   | 1 2 3 4 5 6 7 |  7.1
Fighting       | 3 4 5 6 |  6.1
Invocations    | 1 2 3 4 6 |  6.6
Spellcasting   | 3 4 5 |  5.5
Stealth        | 1 2 3 4 5 |  5.1
Conjurations   | 4 5 |  5.1
Maces & Flails | |  2.8

Action                     |  1- 3 |  4- 6 |  7- 9 | 10-12 || total
---------------------------+-------+-------+-------+-------++-------
  Melee: Mace              |    49 |       |       |       ||    49
         Dagger            |    72 |   119 |       |       ||   191
         Touch             |    18 |    23 |    44 |    14 ||    99
         Punch             |     1 |     1 |     6 |       ||     8
         Short sword       |       |    18 |   223 |    72 ||   313
  Evoke: Wand              |       |       |     7 |       ||     7
    Use: Scroll            |       |       |     5 |     4 ||     9
         Potion            |       |       |     4 |     3 ||     7
   Stab: Sleeping          |     1 |     2 |     7 |     1 ||    11
         Paralysed         |       |     3 |     8 |     5 ||    16
         Distracted        |       |       |     2 |       ||     2
 Armour: Leather armour    |    59 |    82 |    39 |       ||   180
         Robe              |       |       |    46 |    43 ||    89
  Dodge: Dodged            |    90 |    64 |    66 |    46 ||   266
  Block: Other             |       |       |    17 |    12 ||    29

Table legend: (Time is in decaauts)
 A = Elapsed time spent in this place.
 B = Non-inter-level travel time spent in this place.
 C = Inter-level travel time spent in this place.
 D = Time resting spent in this place.
 E = Time spent auto-exploring this place.
 F = Levels seen in this place.
 G = Mean time per level.
                   A        B        C        D        E       F      G
               +--------+--------+--------+--------+--------+-----+--------+
         Total |   7809 |   7381 |    428 |    688 |   5474 |   9 |  867.7 |
       Dungeon |   7809 |   7381 |    428 |    688 |   5474 |   9 |  867.7 |
               +--------+--------+--------+--------+--------+-----+--------+

Top non-repeatable levels by time:
     D:8: 1239 daAuts
     D:5: 1190 daAuts
     D:4: 1086 daAuts
     D:3: 1040 daAuts
     D:1: 955 daAuts
     D:7: 751 daAuts
     D:6: 743 daAuts
     D:2: 418 daAuts
     D:9: 382 daAuts
